[ AOE2 MATCH · #507285566 ]
UnrankedMalians vs Mongols
Player's team · WIN
Rival team · LOSS
[ REPLAY ANALYSIS · EXTRACTED FROM THE RECORDED GAME ]
Feudal
10:27
Castle
22:16
Imperial
—
| APM avg | 80.9 |
| APM peak | 124 |
| eAPM avg | 23.0 |
| Villagers / military | 47 / 24 |
Focus
⚔️ 28.9% · 🌾 71.1%
Skirmisher ×9 · Knight ×5 · Scout Cavalry ×4 · Archer ×3 · Militia ×3
Feudal
8:27
Castle
—
Imperial
—
| APM avg | 64.4 |
| APM peak | 111 |
| eAPM avg | 27.5 |
| Villagers / military | 64 / 17 |
Focus
⚔️ 27.6% · 🌾 72.4%
Skirmisher ×9 · Scout Cavalry ×4 · Archer ×2 · Spearman ×2
Match map
Initial resources + every placement click. Lines = walls · curves = elevation contours. ◆ gold · ⬟ stone · ● berries · ✦ relic · ◌ wall gap
Your base· Open — 1t gap
AoE2 ANGEL's base· Open — 5t gap
Smoothed initial terrain · ◌ = detected wall gap · hover for details
Inputs per minute
— uel - - AoE2 ANGEL
Build order — uel
147 actions detected in the replay
| 0:02 | Create | Villager (Male) |
| 0:03 | Create | Villager (Male) |
| 0:04 | Build | House |
| 0:06 | Build | House |
| 0:18 | Create | Villager (Male) |
| 0:19 | Create | Villager (Male) |
| 1:28 | Create | Villager (Male) |
| 1:55 | Build | Lumber Camp |
| 2:01 | Create | Villager (Male) |
| 2:02 | Create | Villager (Male) |
| 2:22 | Create | Villager (Male) |
| 2:44 | Create | Villager (Male) |
| 3:09 | Create | Villager (Male) |
| 3:36 | Create | Villager (Male) |
| 3:48 | Create | Villager (Male) |
| 3:53 | Build | House |
| 4:15 | Build | Barracks |
| 4:19 | Create | Villager (Male) |
| 4:29 | Build | House |
| 4:45 | Create | Villager (Male) |
| 5:17 | Create | Militia |
| 5:17 | Create | Militia |
| 5:19 | Create | Villager (Male) |
| 5:22 | Build | Mill |
| 5:37 | Create | Villager (Male) |
| 5:47 | Create | Militia |
| 6:24 | Create | Villager (Male) |
| 6:30 | Create | Villager (Male) |
| 6:57 | Create | Villager (Male) |
| 6:57 | Create | Villager (Male) |
| 7:09 | Research | Loom |
| 7:44 | Build | House |
| 8:17 | Research | Feudal Age |
| 8:17 | Research | Feudal Age |
| 8:21 | Build | Lumber Camp |
| 9:10 | Build | Farm |
| 9:17 | Build | Farm |
| 9:26 | Build | Farm |
| 9:49 | Build | Farm |
| 10:06 | Create | Villager (Male) |
| 10:07 | Build | Farm |
| 10:27 | Age | Feudal Age |
| 10:29 | Build | Stable |
| 10:31 | Research | Double-Bit Axe |
| 10:34 | Research | Horse Collar |
| 10:45 | Create | Villager (Male) |
| 11:04 | Build | Farm |
| 11:12 | Create | Scout Cavalry |
| 11:18 | Build | Farm |
| 11:34 | Create | Villager (Male) |
| 11:45 | Create | Scout Cavalry |
| 11:49 | Create | Villager (Male) |
| 11:51 | Build | Farm |
| 11:59 | Build | Archery Range |
| 12:21 | Create | Scout Cavalry |
| 12:34 | Build | House |
| 12:34 | Build | House |
| 12:49 | Create | Scout Cavalry |
| 13:02 | Create | Villager (Male) |
| 13:02 | Create | Villager (Male) |
| 13:09 | Create | Skirmisher |
| 13:24 | Create | Skirmisher |
| 13:29 | Create | Skirmisher |
| 13:30 | Create | Villager (Male) |
| 13:36 | Create | Villager (Male) |
| 13:38 | Build | House |
| 13:39 | Build | Palisade Wall |
| 13:50 | Build | Palisade Wall |
| 13:56 | Create | Villager (Male) |
| 14:16 | Create | Skirmisher |
| 14:19 | Create | Villager (Male) |
| 14:21 | Build | Blacksmith |
| 14:29 | Create | Skirmisher |
| 14:31 | Create | Villager (Male) |
| 14:43 | Build | Farm |
| 14:47 | Build | Farm |
| 14:56 | Create | Skirmisher |
| 15:09 | Create | Villager (Male) |
| 15:11 | Build | Mining Camp |
| 15:18 | Build | Palisade Wall |
| 15:26 | Build | Palisade Wall |
| 15:28 | Build | Palisade Wall |
| 15:35 | Create | Villager (Male) |
| 15:39 | Build | House |
| 15:40 | Build | Palisade Wall |
| 15:45 | Create | Skirmisher |
| 15:52 | Build | Farm |
| 15:54 | Build | Farm |
| 16:17 | Create | Villager (Male) |
| 16:23 | Research | Fletching |
| 16:23 | Research | Fletching |
| 16:31 | Create | Villager (Male) |
| 16:32 | Build | Farm |
| 16:48 | Build | House |
| 16:48 | Build | House |
| 16:59 | Create | Villager (Male) |
| 17:03 | Build | Palisade Wall |
| 17:15 | Create | Skirmisher |
| 17:16 | Create | Skirmisher |
| 17:37 | Create | Villager (Male) |
| 17:40 | Build | Farm |
| 17:52 | Build | Palisade Wall |
| 17:56 | Create | Archer |
| 18:12 | Create | Villager (Male) |
| 18:15 | Build | Farm |
| 18:17 | Build | Farm |
| 18:36 | Create | Villager (Male) |
| 18:39 | Build | Palisade Wall |
| 18:44 | Create | Archer |
| 18:54 | Build | Palisade Wall |
| 19:11 | Build | Palisade Wall |
| 19:13 | Build | Palisade Wall |
| 19:36 | Research | Castle Age |
| 19:36 | Research | Castle Age |
| 19:51 | Build | Stable |
| 19:53 | Build | Palisade Gate |
| 20:01 | Build | Farm |
| 20:03 | Build | Farm |
| 20:30 | Research | Bloodlines |
| 20:30 | Research | Bloodlines |
| 20:36 | Create | Archer |
| 20:52 | Research | Scale Barding Armor |
| 20:57 | Build | Lumber Camp |
| 21:04 | Build | Farm |
| 21:10 | Research | Gold Mining |
| 21:21 | Build | Farm |
| 21:23 | Research | Forging |
| 22:02 | Create | Villager (Male) |
| 22:16 | Age | Castle Age |
| 22:19 | Create | Knight |
| 22:20 | Create | Knight |
| 22:27 | Research | Bow Saw |
| 22:37 | Create | Knight |
| 22:42 | Build | Town Center |
| 22:48 | Create | Villager (Male) |
| 23:09 | Create | Villager (Male) |
| 23:24 | Create | Knight |
| 23:47 | Create | Villager (Male) |
| 23:47 | Create | Villager (Male) |
| 23:53 | Build | Farm |
| 23:53 | Build | Farm |
| 23:54 | Build | Farm |
| 24:02 | Create | Villager (Male) |
| 24:03 | Create | Knight |
| 24:14 | Create | Villager (Male) |
| 24:16 | Create | Villager (Male) |
| 24:33 | Build | Farm |
Build order — AoE2 ANGEL
First 150 of 167 actions detected
| 0:01 | Create | Villager (Male) |
| 0:02 | Build | House |
| 0:03 | Build | House |
| 0:12 | Create | Villager (Male) |
| 0:12 | Create | Villager (Male) |
| 0:12 | Create | Villager (Male) |
| 1:27 | Create | Villager (Male) |
| 1:27 | Create | Villager (Male) |
| 2:03 | Create | Villager (Male) |
| 2:03 | Create | Villager (Male) |
| 2:16 | Create | Villager (Male) |
| 2:44 | Build | Lumber Camp |
| 2:48 | Create | Villager (Male) |
| 2:48 | Create | Villager (Male) |
| 3:02 | Create | Villager (Male) |
| 3:34 | Create | Villager (Male) |
| 3:36 | Create | Villager (Male) |
| 3:46 | Create | Villager (Male) |
| 3:46 | Create | Villager (Male) |
| 4:06 | Build | House |
| 4:08 | Create | Villager (Male) |
| 4:09 | Create | Villager (Male) |
| 5:40 | Research | Loom |
| 5:55 | Build | Mill |
| 6:17 | Research | Feudal Age |
| 7:04 | Create | Villager (Male) |
| 8:21 | Build | Barracks |
| 8:27 | Age | Feudal Age |
| 8:29 | Create | Villager (Male) |
| 8:56 | Create | Villager (Male) |
| 9:08 | Build | Palisade Wall |
| 9:10 | Build | Palisade Wall |
| 9:11 | Build | Palisade Wall |
| 9:21 | Build | House |
| 9:25 | Research | Town Watch |
| 9:25 | Research | Town Watch |
| 9:44 | Create | Villager (Male) |
| 9:54 | Create | Villager (Male) |
| 10:00 | Build | Mill |
| 10:01 | Create | Villager (Male) |
| 10:06 | Build | Archery Range |
| 10:19 | Create | Villager (Male) |
| 10:31 | Build | Palisade Wall |
| 10:32 | Build | Palisade Wall |
| 10:37 | Create | Villager (Male) |
| 10:37 | Create | Villager (Male) |
| 10:43 | Create | Villager (Male) |
| 10:51 | Build | Archery Range |
| 11:08 | Create | Villager (Male) |
| 11:18 | Create | Villager (Male) |
| 11:22 | Build | House |
| 11:33 | Build | Farm |
| 11:37 | Research | Double-Bit Axe |
| 11:41 | Build | Farm |
| 11:43 | Build | Farm |
| 11:47 | Build | House |
| 11:49 | Build | Farm |
| 11:50 | Create | Villager (Male) |
| 12:00 | Build | Farm |
| 12:03 | Create | Skirmisher |
| 12:05 | Build | Palisade Gate |
| 12:14 | Create | Spearman |
| 12:26 | Build | Farm |
| 12:34 | Create | Villager (Male) |
| 12:46 | Create | Skirmisher |
| 12:52 | Build | Palisade Wall |
| 12:53 | Build | Palisade Wall |
| 12:53 | Build | Palisade Wall |
| 12:56 | Build | Palisade Wall |
| 12:57 | Build | Palisade Wall |
| 12:58 | Build | Palisade Wall |
| 13:01 | Build | Farm |
| 13:08 | Build | Farm |
| 13:19 | Create | Villager (Male) |
| 13:39 | Create | Villager (Male) |
| 13:50 | Build | Farm |
| 13:52 | Build | Farm |
| 13:55 | Create | Villager (Male) |
| 13:57 | Create | Spearman |
| 14:11 | Build | Farm |
| 14:22 | Create | Skirmisher |
| 14:33 | Create | Villager (Male) |
| 14:34 | Create | Villager (Male) |
| 14:34 | Create | Villager (Male) |
| 14:39 | Build | Blacksmith |
| 14:51 | Build | Farm |
| 15:18 | Create | Skirmisher |
| 15:18 | Create | Archer |
| 15:18 | Create | Villager (Male) |
| 15:19 | Create | Villager (Male) |
| 15:27 | Create | Skirmisher |
| 15:29 | Build | House |
| 15:42 | Build | Farm |
| 15:48 | Build | House |
| 15:56 | Build | Mining Camp |
| 16:06 | Build | Farm |
| 16:13 | Create | Skirmisher |
| 16:13 | Create | Archer |
| 16:14 | Create | Villager (Male) |
| 16:26 | Create | Skirmisher |
| 16:30 | Build | House |
| 16:50 | Create | Villager (Male) |
| 16:55 | Research | Fletching |
| 16:55 | Create | Villager (Male) |
| 16:57 | Build | Farm |
| 17:04 | Build | Palisade Wall |
| 17:05 | Build | Palisade Wall |
| 17:14 | Create | Villager (Male) |
| 17:24 | Create | Villager (Male) |
| 17:32 | Create | Villager (Male) |
| 17:42 | Build | House |
| 17:47 | Create | Villager (Male) |
| 17:50 | Build | House |
| 17:53 | Build | Palisade Gate |
| 17:59 | Build | Palisade Wall |
| 18:03 | Create | Villager (Male) |
| 18:12 | Create | Skirmisher |
| 18:13 | Create | Villager (Male) |
| 18:16 | Build | Farm |
| 18:40 | Create | Skirmisher |
| 18:53 | Build | Stable |
| 18:55 | Create | Villager (Male) |
| 19:11 | Build | Watch Tower |
| 19:14 | Create | Villager (Male) |
| 19:32 | Create | Villager (Male) |
| 19:32 | Create | Villager (Male) |
| 20:00 | Build | Mining Camp |
| 20:06 | Build | House |
| 20:16 | Create | Villager (Male) |
| 20:30 | Build | Palisade Wall |
| 20:37 | Build | Lumber Camp |
| 20:45 | Create | Villager (Male) |
| 20:46 | Create | Villager (Male) |
| 20:55 | Create | Villager (Male) |
| 20:55 | Create | Villager (Male) |
| 20:55 | Create | Villager (Male) |
| 21:07 | Create | Scout Cavalry |
| 21:08 | Create | Scout Cavalry |
| 21:27 | Create | Villager (Male) |
| 21:36 | Create | Scout Cavalry |
| 21:37 | Create | Villager (Male) |
| 21:44 | Build | Farm |
| 21:44 | Build | Farm |
| 21:46 | Build | Farm |
| 21:46 | Build | Farm |
| 21:52 | Create | Villager (Male) |
| 22:07 | Create | Scout Cavalry |
| 22:08 | Create | Villager (Male) |
| 22:27 | Build | Farm |
| 22:38 | Build | House |
Match timeline
| 4:15 | uel · first_building Barracks |
| 8:21 | AoE2 ANGEL · first_building Barracks |
| 8:27 | AoE2 ANGEL · age_up feudal |
| 9:08 | AoE2 ANGEL · wall_segment Palisade Wall x1 |
| 9:10 | AoE2 ANGEL · wall_segment Palisade Wall x1 |
| 9:11 | AoE2 ANGEL · wall_segment Palisade Wall x1 |
| 10:06 | AoE2 ANGEL · first_building Archery Range |
| 10:27 | uel · age_up feudal |
| 10:29 | uel · first_building Stable |
| 10:31 | AoE2 ANGEL · wall_segment Palisade Wall x1 |
| 10:32 | AoE2 ANGEL · wall_segment Palisade Wall x1 |
| 11:59 | uel · first_building Archery Range |
| 12:52 | AoE2 ANGEL · wall_segment Palisade Wall x1 |
| 12:53 | AoE2 ANGEL · wall_segment Palisade Wall x1 |
| 12:53 | AoE2 ANGEL · wall_segment Palisade Wall x1 |
| 12:56 | AoE2 ANGEL · wall_segment Palisade Wall x1 |
| 12:57 | AoE2 ANGEL · wall_segment Palisade Wall x1 |
| 12:58 | AoE2 ANGEL · wall_segment Palisade Wall x1 |
| 13:39 | uel · wall_segment Palisade Wall x1 |
| 13:50 | uel · wall_segment Palisade Wall x4 |
| 15:18 | uel · wall_segment Palisade Wall x4 |
| 15:26 | uel · wall_segment Palisade Wall x6 |
| 15:28 | uel · wall_segment Palisade Wall x6 |
| 15:40 | uel · wall_segment Palisade Wall x7 |
| 17:03 | uel · wall_segment Palisade Wall x10 |
| 17:04 | AoE2 ANGEL · wall_segment Palisade Wall x1 |
| 17:05 | AoE2 ANGEL · wall_segment Palisade Wall x1 |
| 17:52 | uel · wall_segment Palisade Wall x8 |
| 17:59 | AoE2 ANGEL · wall_segment Palisade Wall x1 |
| 18:39 | uel · wall_segment Palisade Wall x6 |
| 18:53 | AoE2 ANGEL · first_building Stable |
| 18:54 | uel · wall_segment Palisade Wall x1 |
| 19:11 | uel · wall_segment Palisade Wall x2 |
| 19:13 | uel · wall_segment Palisade Wall x6 |
| 20:30 | AoE2 ANGEL · wall_segment Palisade Wall x1 |
| 22:16 | uel · age_up castle |
| 22:56 | AoE2 ANGEL · wall_segment Palisade Wall x1 |
| 23:14 | AoE2 ANGEL · wall_segment Stone Wall x2 |
| 23:35 | AoE2 ANGEL · wall_segment Palisade Wall x1 |
| 24:09 | AoE2 ANGEL · wall_segment Palisade Wall x1 |
| 24:36 | AoE2 ANGEL · resign |
[ AI ANALYSIS · 1 CREDIT ]
What really happened in this match?
Wolo.gg analyzes every decision: build order, eco, micro, common mistakes by bracket. Personalized analysis on WhatsApp or Discord in 30 seconds.
Civ guide
Malians
Perfil
uel